 Dungeon Crawl Stone Soup version 0.28-a0-883-gc8d7bad45d (webtiles) character file.

Game seed: 13180798825337061859

736 ytrimaz the Chopper (level 7, -2/60 HPs)
             Began as a Hill Orc Fighter on Nov 22, 2021.
             Was a Follower of Beogh.
             Killed from afar by Ijyb (26 damage)
             ... with a bolt of acid
             ... on level 5 of the Dungeon.
             The game lasted 00:04:53 (4138 turns).

ytrimaz the Chopper (Hill Orc Fighter)              Turns: 4138, Time: 00:04:54

Health: -2/60      AC:  3    Str: 33    XL:     7   Next: 74%
Magic:  10/10      EV: 10    Int:  8    God:    Beogh [*.....]
Gold:   168        SH:  4    Dex: 10    Spells: 6/6 levels left

rFire   . . .      SeeInvis .   a - +1 war axe
rCold   . . .      Faith    .   c - +0 buckler
rNeg    . . .      Spirit   .   b - +0 scale mail
rPois   .          Reflect  .   (no helmet)
rElec   .          Harm     .   (no cloak)
rCorr   .          Rampage  .   (no gloves)
Will    .....                   (no boots)
Stlth   ..........              (no amulet)
HPRegen 0.20/turn               l - +6 ring of strength
MPRegen 0.12/turn               u - +6 ring of strength

@: mighty, corroded
A: no striking features
a: Renounce Religion


You were on level 5 of the Dungeon.
You worshipped Beogh.
Beogh was aware of your devotion.
You visited 1 branch of the dungeon, and saw 5 of its levels.

You collected 168 gold pieces.

Inventory:

Hand Weapons
 a - a +1 war axe (weapon)
Missiles
 g - 2 javelins (quivered)
 v - a throwing net
Armour
 b - a +0 scale mail (worn)
 c - a +0 buckler (worn)
Jewellery
 l - a +6 ring of strength (left hand)
 m - a ring of fire
 o - a +4 ring of protection
 p - a ring of poison resistance
 u - a +6 ring of strength (right hand)
Wands
 n - a wand of mindburst (4)
Scrolls
 q - a scroll of silence
 r - 2 scrolls of amnesia
 s - a scroll of enchant weapon
 t - a scroll of fear
 w - a scroll of teleportation
Potions
 e - a potion of cancellation {unknown}
 f - 2 potions of ambrosia {unknown}
 h - 2 potions of magic
 i - a potion of berserk rage {unknown}
 j - 2 potions of attraction
 k - a potion of flight {unknown}


   Skills:
 + Level 4.9 Fighting
 + Level 7.4 Axes
 + Level 5.1 Armour
 - Level 4.0 Shields
 * Level 4.8 Invocations


You had 6 spell levels left.
You didn't know any spells.
Your spell library contained the following spells:

 Spells                   Type           Power      Damage    Failure   Level
 Frozen Ramparts          Ice            0%         1d2       94%         3
 Ignite Poison            Fire/Tmut/Pois 0%         N/A       94%         3
 Mephitic Cloud           Conj/Pois/Air  0%         N/A       94%         3
 Ice Form                 Ice/Tmut       0%         N/A       100%        4
 Summon Ice Beast         Ice/Summ       0%         N/A       100%        4
 Freezing Cloud           Conj/Ice/Air   0%         6-21      100%        5


Dungeon Overview and Level Annotations

Branches:
Dungeon (5/15)
 Temple: D:4-7

Altars:
Ru

Shops:
D:4 *

Annotations:
D:5 Ijyb


Message History

The water moccasin skeleton bites you.
The water moccasin skeleton bites you but does no damage.
You barely miss the water moccasin skeleton.
The water moccasin skeleton is almost destroyed.
The water moccasin skeleton barely misses you.
The water moccasin skeleton bites you but does no damage.
You closely miss the water moccasin skeleton.
The water moccasin skeleton is almost destroyed.
The water moccasin skeleton bites you.
You slash the water moccasin skeleton!
You destroy the water moccasin skeleton!
Beogh accepts your kill.
You see here the +5 dagger of Law {vamp, rF+ Will+ Str+2}.
Found a stone staircase leading up.
Ijyb the Twisted Goblin comes into view.
She is wielding a +0 club and carrying a wand of acid (11).
Ijyb is nearby!
Ijyb is nearby!
Ijyb zaps a wand.
The bolt of acid misses you.
Ijyb zaps a wand.
The bolt of acid hits you!!
No target in view!
No target in view!
No target in view!
No target in view!
No target in view!
No target in view!
No target in view!
No target in view!
No target in view!
No target in view!
No target in view!
No target in view!
No target in view!
No target in view!
No target in view!
Ijyb zaps a wand.
The bolt of acid hits you! The acid corrodes you! Ijyb hits you with a +0 club.
You are too injured to fight recklessly!
You feel very mighty all of a sudden.
Ijyb zaps a wand.
The bolt of acid hits you!!
You die...

#.........
#########.#.####.
#......##...# #.
##......####.# #.
#.......# #.#####
##.......# #......
#........#######.##
###...<..>.........##
#...@................
#.#g#...............#
#.#......#.#.####.#
..........#.#.....<รท
....########.........
..#.# #......... #...
#......... #.##
#......... ..
#.........


You could see Ijyb.

Vanquished Creatures
  A water moccasin (D:4)
  A centaur (D:5)
  2 water moccasin skeletons (D:5)
  4 hounds (D:5)
  2 iguanas (D:5)
  A killer bee zombie (D:4)
  A hound zombie (D:5)
  A hound skeleton (D:4)
  8 adders
  2 gnolls
  A shadow imp (D:5)
  A white imp (D:3)
  An ufetubus (D:4)
  3 worms
  4 dart slugs
  5 orcs
  11 ball pythons
  3 bats
  9 endoplasms
  A giant cockroach (D:1)
  7 goblins
  8 hobgoblins
  9 jackals (D:1)
  4 kobolds
  3 quokkas
  A frilled lizard (D:1)
  5 rats
99 creatures vanquished.

Vanquished Creatures (others)
  An adder (D:3)
  An orc (D:3)
  An endoplasm (D:3)
  A bat (D:3)
  4 toadstools (D:1)
8 creatures vanquished.

Grand Total: 107 creatures vanquished

Notes
Turn   | Place    | Note
-------+----------+-------------------------------------------
     0 | D:1      | ytrimaz the Hill Orc Fighter began the quest for the Orb.
     0 | D:1      | Reached XP level 1. HP: 19/19 MP: 1/1
   131 | D:1      | Reached XP level 2. HP: 27/27 MP: 2/2
   132 | D:1      | Reached skill level 1 in Invocations
   136 | D:1      | Reached skill level 3 in Axes
   634 | D:1      | Reached XP level 3. HP: 32/33 MP: 4/4
   879 | D:1      | Found a faded altar of an unknown god.
  1157 | D:2      | Reached XP level 4. HP: 31/40 MP: 5/5
  1632 | D:2      | Reached skill level 4 in Axes
  2126 | D:3      | Became a worshipper of Beogh the Brigand
  2477 | D:3      | Found a sacrificial altar of Ru.
  2570 | D:3      | Reached XP level 5. HP: 32/46 MP: 7/7
  3186 | D:4      | Reached skill level 5 in Axes
  3312 | D:4      | Reached * piety under Beogh
  3487 | D:4      | Found Ichad's Serpentskin Sales.
  3487 | D:4      | Noticed a water moccasin
  3495 | D:4      | Killed a water moccasin
  3496 | D:4      | Reached XP level 6. HP: 53/53 MP: 8/8
  3791 | D:5      | Entered Level 5 of the Dungeon
  3856 | D:5      | Reached skill level 6 in Axes
  3894 | D:5      | Reached XP level 7. HP: 56/60 MP: 10/10
  3972 | D:5      | Reached skill level 7 in Axes
  3975 | D:5      | Reached skill level 5 in Armour
  4112 | D:5      | Identified the +5 dagger of Law {vamp, rF+ Will+ Str+2}
  4132 | D:5      | Noticed Ijyb
  4138 | D:5      | Killed from afar by Ijyb

Illustrated notes

Levels and vault maps discovered:
D:1:      ldierk_water_garden, layout_basic, chequers_ecumenical_altar_island
D:2:      layout_loops_cross
D:3:      layout_rooms, nicolae_ru_awakened_eye, portal_sewer_entry_d,
          minmay_statues_item
D:4:      layout_cave_pools, guppyfry_shop_venom
D:5:      layout_rooms, lemuel_tele_altar, minmay_increasing_density, uniq_ijyb

Skill      XL: |  1  2  3  4  5  6  7 |
---------------+----------------------+-----
Invocations    | 1 2 3 4 |  4.8
Axes           | 3 4 5 6 7 |  7.4
Fighting       | 4 |  4.9
Armour         | 4 5 |  5.1
Shields        | 4 |  4.0

Action                   |  1- 3 |  4- 6 |  7- 9 || total
-------------------------+-------+-------+-------++-------
Melee: War axe           |    83 |   181 |    30 ||   294
Invok: Convert to Beogh  |       |     1 |       ||     1
  Use: Scroll            |       |    11 |       ||    11
       Potion            |       |       |     1 ||     1
Armor: Scale mail        |    44 |    99 |    22 ||   165
Dodge: Dodged            |    55 |    92 |    19 ||   166
Block: Buckler           |    24 |    47 |     3 ||    74

Table legend: (Time is in decaauts)
 A = Elapsed time spent in this place.
 B = Non-inter-level travel time spent in this place.
 C = Inter-level travel time spent in this place.
 D = Time resting spent in this place.
 E = Time spent auto-exploring this place.
 F = Levels seen in this place.
 G = Mean time per level.
                   A        B        C        D        E       F      G
               +--------+--------+--------+--------+--------+-----+--------+
         Total |   4235 |   4101 |    134 |     44 |   3229 |   5 |  847.0 |
       Dungeon |   4235 |   4101 |    134 |     44 |   3229 |   5 |  847.0 |
               +--------+--------+--------+--------+--------+-----+--------+

Top non-repeatable levels by time:
     D:1: 1183 daAuts
     D:2: 976 daAuts
     D:4: 941 daAuts
     D:3: 778 daAuts
     D:5: 354 daAuts
